 Dungeon Crawl Stone Soup version 0.29-a0-271-gd4eb659eea (webtiles) character file.

Game seed: 13848212595471990484

43894 siradein the Dealer of Despair (level 13, -1/113 HPs)
             Began as a Yellow Draconian Necromancer on Mar 8, 2022.
             Was an Elder of Kikubaaqudgha.
             Slain by an 11-headed hydra (11 damage)
             ... on level 10 of the Dungeon.
             The game lasted 01:21:38 (26974 turns).

siradein the Dealer of Despair (DrNe)              Turns: 26974, Time: 01:21:38

Health: -1/113     AC: 13    Str: 10    XL:     13   Next: 93%
Magic:  18/26      EV: 18    Int: 20    God:    Kikubaaqudgha [****..]
Gold:   561        SH: 10    Dex: 13    Spells: 7/30 levels left

rFire   . . .      SeeInvis .   z - +8 eveningstar of Lasiph {vorpal, rPois}
rCold   . . .      Faith    .   x - +0 kite shield
rNeg    . . .      Spirit   .   (body armour unavailable)
rPois   +          Reflect  .   (helmet restricted)
rElec   .          Harm     .   T - +1 cloak
rCorr   +          Rampage  .   G - +1 pair of gloves
Will    +....                   l - +0 pair of boots
Stlth   ++........              L - amulet of the acrobat
HPRegen 0.28/turn               m - +4 ring of evasion
MPRegen 0.20/turn               i - ring of willpower

@: short of breath
A: spit acid, AC +8, unfitting armour, cold-blooded, acid resistance
a: Breathe Acid, Renounce Religion, Receive Corpses


You were on level 10 of the Dungeon.
You worshipped Kikubaaqudgha.
Kikubaaqudgha was greatly pleased with you.
You visited 4 branches of the dungeon, and saw 19 of its levels.
You also visited: Ossuary.

You collected 1206 gold pieces.
You spent 645 gold pieces at shops.

Inventory:

Hand Weapons
 w - the +7 morningstar "Jehob" {elec, Int+4 Dex+5}
   (You bought it in a shop on level 3 of the Dungeon)

   It occasionally discharges a powerful burst of electricity upon striking a
   foe.
   Int:       It affects your intelligence (+4).
   Dex:       It affects your dexterity (+5).
 z - the +8 eveningstar of Lasiph (weapon) {vorpal, rPois}
   (You acquired it on level 3 of the Lair of Beasts)

   It inflicts extra damage upon your enemies.
   rPois:     It protects you from poison.
Missiles
 r - a throwing net
Armour
 l - a +0 pair of boots (worn)
 x - a +0 kite shield (worn)
 G - a +1 pair of gloves (worn)
 T - a +1 cloak (worn)
Magical Staves
 b - a staff of air
Jewellery
 i - a ring of willpower (right hand)
 j - a ring of fire
 m - a +4 ring of evasion (left hand)
 L - an amulet of the acrobat (around neck)
 N - the ring "Viaj" {rElec rPois Str+7 Int-4}
   (You bought it in a shop on level 3 of the Dungeon)

   [ring of poison resistance]

   Str:       It affects your strength (+7).
   Int:       It affects your intelligence (-4).
   rElec:     It insulates you from electricity.
   rPois:     It protects you from poison.
 R - a ring of flight
Wands
 n - a wand of flame (19)
 s - a wand of mindburst (19)
 B - a wand of charming (6)
 C - a wand of acid (14)
 H - a wand of paralysis (5)
 O - a wand of iceblast (11)
Scrolls
 g - 3 scrolls of immolation
 k - 4 scrolls of enchant armour
 o - 10 scrolls of teleportation
 p - a scroll of brand weapon {unknown}
 q - 4 scrolls of blinking
 t - 4 scrolls of enchant weapon
 u - 3 scrolls of fog
 y - 5 scrolls of magic mapping
 E - a scroll of torment {unknown}
 I - a scroll of fear {unknown}
 J - a scroll of vulnerability {unknown}
 M - a scroll of amnesia
Potions
 a - 2 potions of magic
 c - 11 potions of curing
 d - a potion of haste
 e - 4 potions of resistance
 f - 7 potions of heal wounds
 h - 2 potions of attraction
 v - a potion of flight
 A - 5 potions of might
 D - 2 potions of mutation
 F - 6 potions of brilliance
 K - a potion of ambrosia
 P - 3 potions of degeneration {unknown}
 Q - 3 potions of lignification


   Skills:
 + Level 10.2 Fighting
 + Level 9.2 Maces & Flails
 + Level 8.8 Dodging
 - Level 1.7 Stealth
 + Level 8.2 Shields
 + Level 9.1 Spellcasting
 + Level 4.1 Hexes
 + Level 10.2 Necromancy
 - Level 4.0 Translocations
 + Level 4.5 Earth Magic
 + Level 6.8 Evocations


You had 7 spell levels left.
You knew the following spells:

 Your Spells              Type           Power      Damage    Failure   Level
a - Pain                  Necr           100%       1d9       1%          1
b - Vampiric Draining     Necr           50%        2d9       1%          3
c - Animate Dead          Necr           25%        N/A       2%          4
d - Blink                 Tloc           50%        N/A       5%          2
e - Dispel Undead         Necr           50%        3d19      2%          4
f - Anguish               Hex/Necr       18%        N/A       10%         4
g - Borgnjor's Vile Clut  Necr/Erth      19%        N/A       24%         5

Your spell library contained the following spells:

 Spells                   Type           Power      Damage    Failure   Level
 Animate Skeleton         Necr           100%       N/A       1%          1
 Slow                     Hex            100%       N/A       3%          1
 Agony                    Necr           50%        N/A       8%          5
 Excruciating Wounds      Necr           25%        N/A       8%          5
 Confusing Touch          Hex            25%        N/A       10%         3
 Passwall                 Tmut/Erth      15%        N/A       11%         2
 Gell's Gravitas          Tloc           25%        N/A       11%         3
 Lesser Beckoning         Tloc           25%        N/A       11%         3
 Portal Projectile        Hex/Tloc       50%        N/A       11%         3
 Teleport Other           Tloc           25%        N/A       11%         3
 Ensorcelled Hibernation  Hex/Ice        34%        N/A       12%         2
 Foxfire                  Conj/Fire      36%        2x1d5     19%         1
 Dazzling Flash           Conj/Hex       34%        N/A       24%         3
 Inner Flame              Hex/Fire       17%        N/A       24%         3
 Static Discharge         Conj/Air       9%         N/A       28%         2
 Passage of Golubria      Tloc           25%        N/A       34%         4
 Conjure Flame            Conj/Fire      9%         6-21      50%         3
 Swiftness                Air            9%         N/A       50%         3
 Manifold Assault         Tloc           25%        N/A       69%         5
 Flame Wave               Conj/Fire      9%         2d5       88%         4
 Sticky Flame             Conj/Fire      9%         2d3       88%         4
 Silence                  Hex/Air        8%         N/A       91%         5
 Blade Hands              Tmut           4%         N/A       99%         5
 Iskenderun's Battlesphe  Conj           9%         2d6       99%         5
 Dispersal                Tloc           12%        N/A       99%         6
 Iron Shot                Conj/Erth      9%         9d3       100%        6
 Spellforged Servitor     Conj/Summ      4%         N/A       100%        7
 Borgnjor's Revivificati  Necr           25%        N/A       100%        8
 Lehudib's Crystal Spear  Conj/Erth      9%         10d4      100%        8
 Necromutation            Tmut/Necr      14%        N/A       100%        8
 Death's Door             Necr           25%        N/A       100%        9


Dungeon Overview and Level Annotations

Branches:
Dungeon (11/15)            Temple (1/1) D:6            Lair (6/6) D:8
 Shoals (0/4) Lair:2       Spider (0/4) Lair:3        Slime (0/5) Lair:5
    Orc (1/2) D:10        Ossuary (visited)

Altars:
Ashenzari
Cheibriados
Dithmenos
Elyvilon
Gozag
Hepliaklqana
Kikubaaqudgha
Makhleb
Nemelex Xobeh
Okawaru
Qazlal
Ru
Sif Muna
Trog
Uskayaw
Vehumet
Wu Jian
Xom
Yredelemnul
Zin
The Shining One
Beogh
Lugonu

Shops:
D:3 ((=

Portals:
Abyss: Lair:6

Annotations:
D:10 Scarletlin's ghost, novice DsAK
Lair:4 3 runed translucent doors, RBrandon's ghost, journeyman DgGl


Innate Abilities, Weirdness & Mutations

You can spit globs of acid.
Your golden yellow scales are hard. (AC +8)
You cannot fit into any form of body armour.
You are cold-blooded and may be slowed by cold attacks.
You are resistant to acid. (rCorr)


Message History

Aiming: Vampiric Draining (safe; 1% risk of failure)
Press: ? - help, Shift-Dir - straight line, f - 11-headed hydra, p - nine-headed hydra
Aim: an 11-headed hydra (lightly wounded)
You draw life force from the 11-headed hydra!
You feel life coursing into your body.
The nine-headed hydra is no longer covered in acid.
The 11-headed hydra bites your orc warrior skeleton!
Your orc warrior skeleton is destroyed!
The 11-headed hydra bites you but does no damage.
The 11-headed hydra bites you.
* * * LOW HITPOINT WARNING * * *
The 11-headed hydra completely misses you.
The 11-headed hydra bites you but does no damage.
You block the 11-headed hydra's attack. The 11-headed hydra bites you!
* * * LOW HITPOINT WARNING * * *
The 11-headed hydra bites you but does no damage.
The 11-headed hydra closely misses you.
The 11-headed hydra completely misses you.
The 11-headed hydra closely misses you.
Your ogre skeleton hits Scarletlin's ghost with a +0 giant club!!
Scarletlin's ghost says, "Your head on a pike would complement this floor nicely."
Unknown command.
Unknown command.
Unknown command.
Casting: Vampiric Draining (safe; 1% risk of failure)
Confirm with . or Enter, or press ? or * to list all spells.
Aiming: Vampiric Draining (safe; 1% risk of failure)
Press: ? - help, Shift-Dir - straight line, f/p - 11-headed hydra
Aim: an 11-headed hydra (moderately wounded, ally target)
You draw life force from the 11-headed hydra.
You feel life coursing into your body.
The 11-headed hydra bites your orc skeleton!
Your orc skeleton is destroyed!
The 11-headed hydra barely misses you. The 11-headed hydra bites you.
* * * LOW HITPOINT WARNING * * *
The 11-headed hydra bites you.
* * * LOW HITPOINT WARNING * * *
You block the 11-headed hydra's attack. The 11-headed hydra bites you!
You die...
Kikubaaqudgha rasps: "You have failed me!
Welcome... death!"

..........##.......##............
<.........#.....##...........####
..[.>.....##.######...........##.
...........#..######.............
..[)##................#..###.....
...##.......##...#.####...###....
....##.......##..### ##....#....
....###.....####.######...#####..
............#...@#.#........##...
.#.[[...........)DW##............
.###............##........#.###..
..#.............Z.Z.......#####.#
...)))..Z.......Z.............[..
...).#......##....##'''##.......#
..####......##...##.....##.##...#
...###.......#.).#≈......####....
....##.......#...#...)..≈# #.....


You could see a 11-headed hydra (ally target), Scarletlin's ghost and a friendly
ogre skeleton.

Vanquished Creatures
  7 hydras
  3 boulder beetles
  A catoblepas (Lair:6)
  2 two-headed ogres (D:10)
  2 thrashing horrors (Lair:6)
  Sonja (Lair:6)
  A lindwurm (Lair:4)
  4 ugly things
  A cyclops (D:8)
  A manticore (D:11)
  2 black mambas
  3 elephants (Lair:5)
  2 smoke demons (Lair:6)
  8 cane toads
  3 rime drakes
  6 komodo dragons
  A kobold demonologist (D:11)
  An ancient zyme (Lair:6)
  A wind drake (shapeshifter) (Lair:6)
  4 polar bears
  2 trolls (D:10)
  2 hornets
  27 blink frogs
  11 dream sheep
  A snapping turtle (Lair:2)
  3 jumping spiders (Lair:3)
  A shadow (D:10)
  2 wyverns
  2 ynoxinuls (Lair:6)
  5 culicivoras (Lair:3)
  18 yaks
  A basilisk (Lair:2)
  A wraith (D:11)
  A steam dragon (D:8)
  A redback (Lair:3)
  2 chaos spawn (Lair:6)
  Edmund (D:6)
  2 acid dragons
  8 water moccasins
  Duvessa (D:5)
  11 small abominations (Lair:6)
  6 orc warriors
  A sky beast (D:7)
  A black bear (D:6)
  A phantom (D:5)
  4 ogres
  5 wolves (Lair:4)
  5 centaurs
  A kobold brigand (D:8)
  3 elf zombies (Ossuary)
  9 bullfrogs
  2 necrophages
  2 gnoll sergeants
  4 scorpions
  8 wights
  Dowan (D:5)
  15 killer bees
  2 centaur zombies (Ossuary)
  A gnoll shaman (D:6)
  3 hounds
  3 human zombies (Ossuary)
  9 orc priests
  7 jellies
  3 iguanas
  16 orc wizards
  2 hound zombies (Ossuary)
  3 mummies (Ossuary)
  10 gnolls
  9 adders
  A white imp (D:7)
  2 adder zombies (Ossuary)
  2 dart slugs
  44 orcs
  11 endoplasms
  4 giant cockroaches
  7 goblins
  4 hobgoblins
  8 jackals
  3 quokkas
  9 ball pythons
  5 bats
  2 frilled lizards (D:2)
  A goblin zombie (Ossuary)
  5 hobgoblin zombies (Ossuary)
  3 jackal zombies (Ossuary)
  8 kobolds
  5 kobold zombies (Ossuary)
  2 orc zombies (Ossuary)
  4 quokka zombies (Ossuary)
  6 rats
  4 rat zombies (Ossuary)
  A butterfly (D:6)
434 creatures vanquished.

Vanquished Creatures (collateral kills)
  A boulder beetle (Lair:4)
  An ugly thing (D:11)
  A troll (D:11)
  3 yaks
  A wolf (Lair:4)
  3 killer bees (D:11)
  An orc (D:11)
11 creatures vanquished.

Vanquished Creatures (others)
  2 orc wizards (D:4)
  47 fungi
  48 plants
97 creatures vanquished.

Grand Total: 542 creatures vanquished

Notes
Turn   | Place    | Note
-------+----------+-------------------------------------------
     0 | D:1      | siradein the Draconian Necromancer began the quest for the
                  | Orb.
     0 | D:1      | Reached XP level 1. HP: 14/14 MP: 3/3
   575 | D:1      | Reached XP level 2. HP: 18/22 MP: 0/5
   789 | D:1      | Reached skill level 1 in Fighting
  1505 | D:2      | Reached XP level 3. HP: 12/28 MP: 0/6
  1516 | D:2      | Learned a level 3 spell: Vampiric Draining
  1770 | D:2      | Found a broken altar of Ashenzari.
  2201 | D:2      | Reached XP level 4. HP: 33/36 MP: 3/7
  2430 | D:2      | Found a faded altar of an unknown god.
  2773 | D:3      | Found Wetof's Antique Weapon Shoppe.
  3250 | D:3      | Reached skill level 1 in Maces & Flails
  3250 | D:3      | Reached XP level 5. HP: 27/41 MP: 4/9
  3434 | D:3      | Found Onouddae's Jewellery Boutique.
  3688 | D:3      | Found Fikkupty's Antique Weapon Emporium.
  4499 | D:4      | Reached XP level 6. HP: 39/50 MP: 3/10
  4919 | D:4      | Reached skill level 5 in Necromancy
  5456 | D:4      | Found a hide-covered altar of Uskayaw.
  5513 | D:3      | Bought a shimmering morningstar for 162 gold pieces
  5513 | D:3      | Identified the +7 morningstar "Jehob" {elec, Int+4 Dex+5}
                  | (You bought it in a shop on level 3 of the Dungeon)
  5595 | D:4      | Found a shadowy altar of Dithmenos.
  5707 | D:5      | Entered Level 5 of the Dungeon
  5728 | D:5      | Noticed Dowan
  5729 | D:5      | Noticed Duvessa
  5754 | D:5      | Killed Duvessa
  5755 | D:5      | Your scales start taking on a golden yellow colour.
  5755 | D:5      | Reached XP level 7. HP: 34/57 MP: 5/12
  5755 | D:5      | Gained mutation: You are resistant to acid. (rCorr) [Yellow
                  | Draconian growth]
  5758 | D:5      | Killed Dowan
  6041 | D:5      | Found a sand-covered staircase.
  6056 | Ossuary  | Entered an ossuary
  6408 | Ossuary  | Reached XP level 8. HP: 48/67 MP: 14/14
  6643 | D:5      | Learned a level 4 spell: Animate Dead
  7497 | D:6      | Reached skill level 5 in Fighting
  7497 | D:6      | Reached skill level 1 in Shields
  7979 | D:6      | Reached skill level 5 in Spellcasting
  8011 | D:6      | Found a staircase to the Ecumenical Temple.
  8043 | Temple   | Entered the Ecumenical Temple
  8155 | Temple   | Became a worshipper of Kikubaaqudgha
  8317 | D:6      | Reached skill level 5 in Dodging
  8416 | D:6      | Reached XP level 9. HP: 69/74 MP: 3/16
  8583 | D:6      | Noticed Edmund
  8592 | D:6      | Killed Edmund
  8755 | D:7      | Found a burning altar of Makhleb.
  8757 | D:7      | Found a radiant altar of Vehumet.
  8757 | D:7      | Found a shimmering altar of Xom.
  9075 | D:7      | Reached skill level 5 in Maces & Flails
  9272 | D:8      | Noticed a cyclops
  9279 | D:8      | Killed a cyclops
  9659 | D:8      | Found an opulent altar of Gozag.
  9815 | D:8      | Found a staircase to the Lair.
 10111 | D:8      | Reached * piety under Kikubaaqudgha
 10111 | D:8      | Received a gift from Kikubaaqudgha
 10382 | D:8      | Reached XP level 10. HP: 84/84 MP: 15/19
 10564 | D:8      | Learned a level 2 spell: Blink
 11156 | D:9      | Reached skill level 1 in Evocations
 11242 | D:9      | Reached skill level 1 in Translocations
 11546 | D:9      | Noticed a brown ugly thing
 11549 | D:10     | Entered Level 10 of the Dungeon
 11554 | D:10     | Noticed a two-headed ogre
 11580 | D:10     | Found a runed translucent gate.
 11580 | D:10     | Found a runed translucent gate.
 11580 | D:10     | Found a runed translucent gate.
 11580 | D:10     | Noticed an 11-headed hydra
 11580 | D:10     | Noticed Scarletlin's ghost (novice DsAK)
 11580 | D:10     | Noticed a nine-headed hydra
 11776 | D:10     | Killed a two-headed ogre
 12079 | D:10     | Found a staircase to the Orcish Mines.
 12128 | D:10     | Reached ** piety under Kikubaaqudgha
 12518 | D:10     | Reached skill level 5 in Shields
 12794 | Lair:1   | Entered Level 1 of the Lair of Beasts
 13071 | Lair:1   | Noticed a cane toad
 13081 | Lair:1   | Killed a cane toad
 13082 | Lair:1   | Reached XP level 11. HP: 92/92 MP: 17/21
 13104 | Lair:1   | Found a gate leading to a gauntlet.
 14052 | Lair:2   | Noticed a seven-headed hydra
 14059 | Lair:2   | Killed a seven-headed hydra
 14476 | Lair:2   | Found a staircase to the Shoals.
 15282 | D:3      | Bought the ring "Viaj" {rElec rPois Str+7 Int-4} for 483
                  | gold pieces
 16279 | Lair:3   | Reached XP level 12. HP: 72/103 MP: 19/23
 16284 | Lair:3   | Learned a level 4 spell: Dispel Undead
 16633 | Lair:3   | Found a hole to the Spider Nest.
 16886 | Lair:3   | Identified a scroll of acquirement
 16888 | Lair:3   | Acquired the +8 eveningstar of Lasiph {vorpal, rPois}
 16931 | Lair:4   | Found a runed translucent gate.
 16933 | Lair:4   | Found a runed translucent gate.
 16935 | Lair:4   | Found a runed translucent gate.
 16948 | Lair:4   | Noticed a four-headed hydra
 16957 | Lair:4   | Killed a four-headed hydra
 16957 | Lair:4   | Reached *** piety under Kikubaaqudgha
 16957 | Lair:4   | Received a gift from Kikubaaqudgha
 16963 | Lair:4   | Learned a level 4 spell: Anguish
 16969 | Lair:4   | Learned a level 5 spell: Borgnjor's Vile Clutch
 17077 | Lair:4   | Noticed a minotaur
 17134 | Lair:4   | Noticed a boulder beetle
 17148 | Lair:4   | Killed a boulder beetle
 17403 | Lair:4   | Reached skill level 5 in Evocations
 17410 | Lair:4   | Reached skill level 1 in Hexes
 17417 | Lair:4   | Reached skill level 1 in Earth Magic
 18081 | Lair:4   | Noticed a boulder beetle
 18096 | Lair:4   | Killed a boulder beetle
 18319 | Lair:4   | Noticed RBrandon's ghost (journeyman DgGl)
 20211 | Lair:5   | Noticed an eight-headed hydra
 20212 | Lair:5   | Noticed a six-headed hydra
 21159 | Lair:4   | Killed an eight-headed hydra
 21495 | Lair:5   | Noticed a boulder beetle
 21778 | Lair:5   | Killed a boulder beetle
 21782 | Lair:5   | Found a staircase to the Slime Pits.
 21825 | Lair:5   | Killed a six-headed hydra
 22305 | Lair:6   | Entered Level 6 of the Lair of Beasts
 22314 | Lair:6   | Reached XP level 13. HP: 111/111 MP: 25/25
 22794 | Lair:6   | Noticed Sonja
 22812 | Lair:6   | Killed Sonja
 23573 | Lair:6   | Reached **** piety under Kikubaaqudgha
 24693 | Lair:6   | Reached skill level 10 in Necromancy
 24845 | Lair:6   | Reached skill level 10 in Fighting
 25314 | Lair:6   | Found a corrupted altar of Lugonu.
 25314 | Lair:6   | Found a one-way gate to the infinite horrors of the Abyss.
 25323 | Lair:6   | Identified the +5 falchion of the Summoning Gods {drain,
                  | rElec rF+ Dex+6}
 26653 | Orc:1    | Entered Level 1 of the Orcish Mines
 26974 | D:10     | Slain by an 11-headed hydra

Illustrated notes

Levels and vault maps discovered:
D:1:      wander_arrival_desolate, layout_loops_corners
D:2:      layout_loops_ring, basic_altar, shapermc_ecumenical_altar_pompeii,
          minivault_11, corexii_corridor_pit, minmay_tiny_reverse_x
D:3:      layout_basic, serial_shops, shop, shop, shop,
          amcnicky_mini_pool_small, kennysheep_small_spiral
D:4:      layout_loops_cross, mainiacjoe_overflow_two_lobes,
          hangedman_decor_points, hangedman_decor_clover_reticule
D:5:      layout_gridville, lightli_ossuary_entry_decrepit_ruins,
          patterned_corridor, uniq_duvessa
D:6:      layout_cave_pools, minmay_temple_entry_butterflies, uniq_edmund
D:7:      layout_cave_pools, gammafunk_temple_overflow_forgotten
D:8:      nicolae_cairo_tiling_large_dashed, layout_loops_corners,
          mainiacjoe_overflow_brackets
D:9:      layout_stronghold
D:10:     layout_cave_pools, minmay_orc_entry_temple_small,
          gammafunk_ghost_hydra_chop
D:11:     layout_rooms, hangedman_decor_opposing
Temple:   eino_temple_scatter_basement
Lair:1:   layout_misc_corridors, gauntlet_entry_generic, lemuel_fruit_fields,
          grunt_megastairs_4, serial_bayou_shore_a
Lair:2:   layout_cave_pods, minmay_shoals_entry_hut, lemuel_fruit_tree,
          grunt_megastairs_5
Lair:3:   layout_chaotic_city, nicolae_spider_entry_tight_spaces
Lair:4:   layout_gridlike, serial_forest, infiniplex_forest_end_3,
          infiniplex_forest_corner_1, infiniplex_forest_fountain,
          infiniplex_forest_diagonal, infiniplex_forest_end_2,
          infiniplex_forest_lined_corner, maelrawn_ghost_gauntlet_escape,
          infiniplex_staircase_pool_2
Lair:5:   layout_small_grid, nicolae_slime_entry_slimehenge,
          grunt_forest_large_clearing_hut
Lair:6:   hellmonk_lair_end_abyssal_woods, layout_regular_city,
          serial_bayou_shore_b, uniq_sonja
Orc:1:    layout_caves

Skill      XL: |  1  2  3  4  5  6  7  8  9 10 11 12 13 |
---------------+----------------------------------------+-----
Dodging        | 2 3 4 5 6 7 8 |  8.8
Fighting       | 1 2 3 4 5 6 7 8 9 10 | 10.2
Maces & Flails | 1 2 3 4 5 6 7 8 9 |  9.2
Spellcasting   | 3 4 5 6 7 8 9 |  9.1
Necromancy     | 5 6 7 8 9 10 | 10.2
Shields        | 2 3 5 6 7 8 |  8.2
Evocations     | 2 4 5 6 |  6.8
Translocations | 2 4 |  4.0
Hexes          | 2 4 |  4.1
Earth Magic    | 2 4 |  4.5
Stealth        | |  1.7

Action                   |  1- 3 |  4- 6 |  7- 9 | 10-12 | 13-15 || total
-------------------------+-------+-------+-------+-------+-------++-------
Melee: Unarmed           |     8 |       |       |       |       ||     8
       Short sword       |    51 |       |       |       |       ||    51
       Dagger            |     7 |       |       |       |       ||     7
       Tailslap          |     6 |    19 |    29 |    54 |    39 ||   147
       Flail             |       |   149 |       |       |       ||   149
       Punch             |       |     2 |     2 |       |       ||     4
       Whip              |       |    10 |       |       |       ||    10
       Morningstar       |       |     4 |   215 |   285 |   225 ||   729
       Eveningstar       |       |       |       |    74 |    42 ||   116
 Cast: Pain              |    47 |    42 |       |       |       ||    89
       Vampiric Draining |       |    17 |    26 |   104 |    67 ||   214
       Animate Dead      |       |       |     1 |     7 |    12 ||    20
       Blink             |       |       |       |     2 |     5 ||     7
       Dispel Undead     |       |       |       |       |    13 ||    13
Invok: Receive Corpses   |       |       |       |     2 |     1 ||     3
 Abil: Breathe Acid      |       |       |    29 |    53 |    27 ||   109
  Use: Scroll            |       |       |     9 |    11 |     1 ||    21
       Potion            |       |       |       |       |     1 ||     1
 Stab: Sleeping          |     1 |       |     4 |       |     2 ||     7
       Distracted        |       |       |     1 |       |     1 ||     2
Armor: Skin              |    27 |    87 |    74 |   153 |   135 ||   476
Dodge: Dodged            |    43 |   140 |   243 |   523 |   511 ||  1460
Block: Kite shield       |       |       |    86 |   397 |   349 ||   832

Table legend: (Time is in decaauts)
 A = Elapsed time spent in this place.
 B = Non-inter-level travel time spent in this place.
 C = Inter-level travel time spent in this place.
 D = Time resting spent in this place.
 E = Time spent auto-exploring this place.
 F = Levels seen in this place.
 G = Mean time per level.
                   A        B        C        D        E       F      G
               +--------+--------+--------+--------+--------+-----+--------+
         Total |  27348 |  25477 |   1871 |   3116 |  17655 |  20 | 1367.4 |
       Dungeon |  15122 |  14001 |   1121 |   1310 |  10248 |  11 | 1374.7 |
        Temple |    125 |    125 |      0 |      0 |     96 |   1 |  125.0 |
          Lair |  11542 |  10794 |    748 |   1806 |   6943 |   6 | 1923.7 |
  Orcish Mines |     16 |     16 |      0 |      0 |      0 |   1 |   16.0 |
       Ossuary |    541 |    541 |      0 |      0 |    368 |   1 |  541.0 |
               +--------+--------+--------+--------+--------+-----+--------+

Top non-repeatable levels by time:
  Lair:6: 3215 daAuts
  Lair:4: 2356 daAuts
  Lair:3: 2224 daAuts
     D:9: 2095 daAuts
  Lair:2: 1715 daAuts
     D:2: 1629 daAuts
     D:5: 1569 daAuts
    D:10: 1550 daAuts
     D:1: 1472 daAuts
     D:8: 1424 daAuts
     D:4: 1399 daAuts
     D:3: 1356 daAuts
  Lair:1: 1130 daAuts
    D:11: 973 daAuts
     D:6: 907 daAuts
